 Dungeon Crawl Stone Soup version 0.22-a0-803-gd6d8abe (webtiles) character file.

79 VLARC the Skirmisher (level 4, -5/24 HPs)
             Began as a Vine Stalker Warper on July 22, 2018.
             Was an Initiate of Okawaru.
             Killed by nerve-wracking pain
             ... invoked by Grinder
              (8 damage)
             ... on level 3 of the Dungeon.
             The game lasted 00:05:27 (2565 turns).

VLARC the Skirmisher (Vine Stalker Warper)          Turns: 2565, Time: 00:05:28

Health: -5/24      AC:  4    Str: 14    XL:     4   Next: 37%
Magic:  0/8        EV: 11    Int: 14    God:    Okawaru [......]
Gold:   81         SH:  0    Dex: 13    Spells: 7/7 levels left

rFire    . . .     SeeInvis .   a - +0 falchion
rCold    . . .     Gourm    .   (no shield)
rNeg     . . .     Faith    .   g - +0 leather armour
rPois    .         Spirit   +   s - +0 helmet
rElec    .         Reflect  .   (no cloak)
rCorr    .         Harm     .   (no gloves)
MR       .....                  (no boots)
Stlth    +.........             (no amulet)
HPRegen  0.48/turn              (no ring)
MPRegen  0.11/turn              (no ring)

@: no status effects
A: fangs 2, regeneration 1, magic shield, antimagic bite, no potion heal 3, rot
immunity
a: Renounce Religion


You were on level 3 of the Dungeon.
You worshipped Okawaru.
Okawaru was noncommittal.
You were not hungry.

You visited 1 branch of the dungeon, and saw 3 of its levels.

You collected 81 gold pieces.

Inventory:

Hand Weapons
 a - a +0 falchion (weapon)
 b - a +0 hunting sling
Missiles
 e - 5 tomahawks of dispersal (quivered)
 h - 18 stones
 j - 21 sling bullets
Armour
 g - a +0 leather armour (worn)
 s - a +0 helmet (worn)
Jewellery
 m - an uncursed ring of see invisible {unknown}
Wands
 r - a wand of flame (4)
Scrolls
 d - a scroll of blinking
 i - a scroll of teleportation {unknown}
 k - 2 scrolls of remove curse {unknown}
 n - a scroll of magic mapping {unknown}
 o - a scroll of amnesia {unknown}
 p - a scroll of fear {unknown}
 t - a scroll of identify {unknown}
Potions
 c - 4 potions of curing {unknown}
 l - a potion of cancellation {unknown}
 q - a potion of lignification {unknown}
Comestibles
 f - 4 rations
 u - a chunk of flesh


   Skills:
 + Level 3.1 Fighting
 + Level 3.1 Long Blades
 - Level 0.8 Throwing
 - Level 0.7 Armour
 - Level 1.5 Dodging
 - Level 2.1 Spellcasting
   Level 3.0 Translocations


You had 7 spell levels left.
You didn't know any spells.
Your spell library contained the following spells:

 Spells                   Type           Power        Failure   Level  Hunger
 Teleport Other           Tloc           #.......     26%         3    ###....
 Blink                    Tloc           N/A          13%         2    ###....
 Passage of Golubria      Tloc           N/A          65%         4    #####..
 Shroud of Golubria       Chrm/Tloc      #.........   24%         2    ###....
 Gell's Gravitas          Tloc           #.........   26%         3    ###....
 Lesser Beckoning         Tloc           #.........   26%         3    ###....


Dungeon Overview and Level Annotations

Branches:
Dungeon (3/15)

Altars:
Okawaru

Annotations:
D:3 Grinder


Innate Abilities, Weirdness & Mutations

You have extremely sharp teeth.
Your natural rate of healing is unusually fast.
When hurt, damage is shared between your health and your magic reserves.
Your bite disrupts and absorbs the magic of your enemies.
Potions cannot restore your health.
You are immune to rotting.


Message History

Aiming: Throw Flame
Press: ? - help, Shift-Dir - straight line, f/p - Grinder
Aim: Grinder (almost dead, fast)
The puff of flame misses Grinder.
Grinder barely misses you. Grinder misses you.
Evoke which item? (* to show all) (? for menu, Esc to quit)
Aiming: Throw Flame
Press: ? - help, Shift-Dir - straight line, f/p - Grinder
Aim: Grinder (almost dead, fast)
The puff of flame misses Grinder.
Grinder hits you!
* * * LOW HITPOINT WARNING * * *
Evoke which item? (* to show all) (? for menu, Esc to quit)
Aiming: Throw Flame
Press: ? - help, Shift-Dir - straight line, f/p - Grinder
Aim: Grinder (almost dead, fast)
The puff of flame hits Grinder.
Grinder is almost dead.
Grinder gestures at you. Pain shoots through your body!
You die...

#####)......#...
#.#.....# .
#.#.....#
#.##....#
#.##.####
#)............
#.###.##..#.. ###
#)###.##..#.##....
#<).@.##.....#..
#####5##.. ....
#.##.# ..# .
####..#.##..#....
#............%...
#####..##........
##.##...###.#
#.##...# #..#g..#


You could see Grinder.

Vanquished Creatures
  Robin (D:2)
  2 adders (D:2)
  A leopard gecko (D:2)
  5 orcs (D:3)
  A ball python (D:3)
  A bat (D:1)
  3 giant cockroaches
  5 goblins
  9 hobgoblins
  6 kobolds
  A quokka (D:2)
  3 rats
38 creatures vanquished.

Notes
Turn   | Place    | Note
-------+----------+-------------------------------------------
     0 | D:1      | VLARC the Vine Stalker Warper began the quest for the Orb.
     0 | D:1      | Reached XP level 1. HP: 11/11 MP: 4/4
   324 | D:1      | Reached XP level 2. HP: 7/15 MP: 4/6
  1084 | D:2      | Reached XP level 3. HP: 8/19 MP: 4/7
  1309 | D:2      | Found an iron altar of Okawaru.
  1568 | D:2      | Became a worshipper of Warmaster Okawaru
  1788 | D:3      | Noticed Robin
  2369 | D:3      | Gained mutation: Your natural rate of healing is unusually fast. [Vine Stalker growth]
  2369 | D:3      | Reached XP level 4. HP: 23/23 MP: 8/8
  2374 | D:3      | Noticed Grinder
  2502 | D:2      | Killed Robin
  2558 | D:3      | Paralysed by Grinder for 3 turns
  2565 | D:3      | Killed from afar by Grinder

Vault maps used:
D:1:      nicolae_arrival_somewhat_less_tricky_arrival, grunt_decor_mini_mirrors
D:2:      okawaru_metal_pillars_1_2
D:3:      grunt_temple_overflow_opulence, yredelemnul_altar_generic, uniq_robin,
          uniq_grinder

Skill      XL: |  1  2  3  4 |
---------------+-------------+-----
Fighting       | 2 3 |  3.1
Long Blades    | 2 3 |  3.1
Throwing       | |  0.8
Armour         | |  0.7
Dodging        | |  1.5
Spellcasting   | |  2.1
Translocations | |  3.0

Action                   |  1- 3 |  4- 6 || total
-------------------------+-------+-------++-------
Melee: Falchion          |    79 |    18 ||    97
       Bite              |    27 |     5 ||    32
 Fire: Hunting sling     |    29 |     3 ||    32
Evoke: Wand              |       |    13 ||    13
  Eat: Chunk             |     4 |     1 ||     5
Armor: Leather armour    |    19 |     2 ||    21
Dodge: Dodged            |    50 |    10 ||    60
       Rpst.: Falchion   |    18 |     4 ||    22

Table legend:
 A = Spawn XP
 B = Non-spawn XP
 C = Spawn XP percentage of total XP
 D = Spawn monster count
 E = Non-spawn monster count
 F = Spawn count percentage of total count
 G = Total turns spent on level
                    A         B        C        D         E        F      G
               +---------+---------+-------+---------+---------+-------+---------
         Total |       0 |     113 |   0.0 |       0 |      38 |   0.0 |  2565
               +---------+---------+-------+---------+---------+-------+---------
           D:1 |       0 |      20 |   0.0 |       0 |      11 |   0.0 |  1006
           D:2 |       0 |      59 |   0.0 |       0 |      12 |   0.0 |  1268
           D:3 |       0 |      34 |   0.0 |       0 |      15 |   0.0 |   291
               +---------+---------+-------+---------+---------+-------+---------
